 Dungeon Crawl Stone Soup version 0.30.0-5-g1a98f26d00 (webtiles) character file.

Game seed: 6551277473413764549

2247 firemarshallily the Covert (level 9, -1/81 HPs)
             Began as a Naga Brigand on May 11, 2023.
             Was an Initiate of Cheibriados.
             Slain by an acid dragon (11 damage)
             ... on level 7 of the Dungeon.
             The game lasted 00:20:31 (7817 turns).

firemarshallily the Covert (Naga Brigand)           Turns: 7817, Time: 00:20:32

Health: -1/81      AC:  7    Str: 16    XL:     9   Next: 37%
Magic:  9/9        EV: 11    Int: 12    God:    Cheibriados [......]
Gold:   337        SH:  5    Dex: 17    Spells: 8/8 levels left

rFire   . . .        a - +2 dagger
rCold   . . .        (no shield)
rNeg    . . .        b - +0 robe
rPois   +            v - +1 helmet
rElec   .            c - +0 cloak
rCorr   +            (no gloves)
SInv    +            (no barding)
Will    +....        z - amulet of reflection
Stlth   +++++        h - ring of resist corrosion
HPRegen 0.33/turn    (no ring)
MPRegen 0.11/turn

%: reflection
@: very slow
A: AC +3, large, see invisible, deformed body, poison resistance, slowness 2,
spit poison 1, naga tail 1, mutation resistance 1
a: Spit Poison, Renounce Religion


You were on level 7 of the Dungeon.
You worshipped Cheibriados.
Cheibriados was noncommittal.
You visited 2 branches of the dungeon, and saw 8 of its levels.

You collected 337 gold pieces.

Inventory:

Hand Weapons
 a - a +2 dagger (weapon)
Missiles
 d - 23 poisoned darts
 i - 4 javelins
Armour
 b - a +0 robe (worn)
 c - a +0 cloak (worn)
 g - a +0 leather armour
 n - a +1 robe of cold resistance
 v - a +1 helmet (worn)
Jewellery
 h - a ring of resist corrosion (left hand)
 z - an amulet of reflection (around neck)
Wands
 t - a wand of flame (38)
Scrolls
 l - 2 scrolls of fog
 m - 2 scrolls of immolation
 o - a scroll of torment
 p - 7 scrolls of vulnerability
 r - a scroll of amnesia
 s - a scroll of teleportation {unknown}
 y - a scroll of enchant armour {unknown}
 A - a scroll of poison {unknown}
Potions
 f - a potion of mutation
 j - a potion of flight {unknown}
 k - a potion of lignification
 u - a potion of attraction
 w - 2 potions of cancellation


   Skills:
 + Level 5.2 Fighting
 * Level 7.3 Short Blades
 - Level 1.7 Throwing
 + Level 4.0 Dodging
 * Level 12.3 Stealth


You had 8 spell levels left.
You didn't know any spells.
Your spell library contained the following spells:

 Spells                   Type           Power      Damage    Failure   Level
 Magic Dart               Conj           0%         1d3       32%         1
 Call Imp                 Summ           0%         N/A       45%         2
 Mephitic Cloud           Conj/Pois/Air  0%         N/A       69%         3
 Volatile Blastmotes      Fire/Tloc      0%         2d10      69%         3
 Anguish                  Hex/Necr       0%         N/A       97%         4
 Cause Fear               Hex            0%         N/A       97%         4
 Fulminant Prism          Conj/Hex       0%         3d5       97%         4
 Iskenderun's Mystic Bla  Conj/Tloc      0%         2d3       97%         4
 Lee's Rapid Deconstruct  Erth           0%         3d4*      100%        5
 Enfeeble                 Hex            0%         N/A       100%        7


Dungeon Overview and Level Annotations

Branches:
Dungeon (7/15)             Temple (1/1) D:7

Altars:
Ashenzari
Cheibriados
Dithmenos
Elyvilon
Fedhas
Gozag
Kikubaaqudgha
Makhleb
Nemelex Xobeh
Qazlal
Ru
Sif Muna
Trog
Uskayaw
Vehumet
Wu Jian
Xom
Yredelemnul
Zin
The Shining One

Shops:
D:5 (   D:7 :


Innate Abilities, Weirdness & Mutations

Your serpentine skin is tough. (AC +3)
You have supernaturally acute eyesight. (SInv)
Armour fits poorly on your strangely shaped body.
Your system is resistant to poisons. (rPois)
You cover ground very slowly.
You can spit poison.
You have a snake-like lower body.
You are somewhat resistant to further mutation.


Message History

The howler monkey closely misses you. The acid dragon barely misses you.
The acid dragon claws you but does no damage.
You closely miss the acid dragon.
The acid dragon is almost dead.
You block the howler monkey's attack. The acid dragon bites you!
The acid dragon claws you but does no damage.
You hit the acid dragon but do no damage.
The acid dragon is almost dead.
You hit the acid dragon.
The acid dragon is almost dead.
The howler monkey hits you but does no damage.
You block the acid dragon's attack. The acid dragon claws you.
You barely miss the acid dragon.
The acid dragon is almost dead.
The howler monkey hoots and howls with incredible vigour!
You barely miss the acid dragon.
The acid dragon is almost dead.
The acid dragon spits acid at you. The splash of acid hits you! You resist.
The acid corrodes you! The howler monkey closely misses you.
You hit the acid dragon but do no damage.
The acid dragon is almost dead.
The acid dragon bites you!
* * * LOW HITPOINT WARNING * * *
The acid dragon closely misses you.
Aiming: Spit Poison (1% risk of failure)
Press: ? - help, Q - select action, (/) - cycle Shift-Dir - straight line, f/p - acid dragon
Aim: an acid dragon (almost dead, catching its breath, 64% to hit)
You fail to use your ability.
The howler monkey barely misses you. You block the howler monkey's attack.
The acid dragon bites you!
* * * LOW HITPOINT WARNING * * *
The acid dragon claws you.
* * * LOW HITPOINT WARNING * * *
It was a potion of cancellation.
Your magical effects are unravelling.
You feel magically purged.
You are no longer corroded.
The howler monkey closely misses you. The acid dragon bites you!
You die...

.....##....##.§§e§......#..##..##
>.......#..(.§§.............#..#
....#..##..#.§§.............#.##
##.)#..##.....§#..........#....##
#.............##....(.....####..#
...##......#..(.................#
..#####...##.....................
.## ##..........D................
.####..........h@.....##.##.##.##
..#.............))....#.........#
.................................
.........##...........#..⌠...⌠..#
.#.......##...........#.........#
.#........#................>.....
.#....##..............#.........#
.......#...........#.##..⌠...⌠..#
#..#.)###.#........#.............


You could see an acid dragon (catching breath) and a howler monkey.

Vanquished Creatures
  Sigmund (D:5)
  Menkaure (D:6)
  A vampire mosquito (D:7)
  Duvessa (D:7)
  2 water moccasins (D:6)
  A sky beast (D:6)
  An ogre (D:5)
  2 phantoms
  A kobold brigand (D:7)
  4 bullfrogs (D:6)
  2 scorpions (D:4)
  Dowan (D:7)
  4 orc priests
  3 hounds
  2 jellies
  2 iguanas
  A sleepcap (D:5)
  7 orc wizards
  6 adders
  2 white imps
  An ufetubus (D:6)
  4 worms
  4 dart slugs
  28 orcs
  4 endoplasms
  4 giant cockroaches
  7 goblins
  6 hobgoblins
  2 quokkas
  4 ball pythons
  2 bats
  5 frilled lizards
  7 kobolds
  2 rats (D:1)
125 creatures vanquished.

Vanquished Creatures (others)
  A rat (D:1)
1 creature vanquished.

Grand Total: 126 creatures vanquished

Notes
Turn   | Place    | Note
-------+----------+-------------------------------------------
     0 | D:1      | firemarshallily the Naga Brigand began the quest for the
                  | Orb.
     0 | D:1      | Reached XP level 1. HP: 19/19 MP: 1/1
    41 | D:1      | Reached skill level 6 in Stealth
    48 | D:1      | Reached XP level 2. HP: 19/26 MP: 2/2
   145 | D:1      | Reached skill level 1 in Dodging
   747 | D:2      | Reached XP level 3. HP: 32/32 MP: 3/3
  1605 | D:3      | Reached XP level 4. HP: 40/40 MP: 4/4
  1779 | D:3      | Gained mutation: Your mind is acute. (Int +4, Str/Dex -1)
                  | [potion of mutation]
  1779 | D:3      | Gained mutation: Your spells are a little easier to cast,
                  | but a little less powerful. [potion of mutation]
  1779 | D:3      | Lost mutation: Your spells are a little easier to cast, but
                  | a little less powerful. [potion of mutation]
  1788 | D:3      | Reached skill level 7 in Stealth
  1789 | D:3      | HP: 2/40 [orc/+0 mace (6)]
  1935 | D:3      | Lost mutation: Your mind is acute. (Int +4, Str/Dex -1)
                  | [potion of mutation]
  1935 | D:3      | Gained mutation: You are somewhat resistant to further
                  | mutation. [potion of mutation]
  2546 | D:4      | Reached XP level 5. HP: 46/46 MP: 5/5
  2553 | D:4      | Noticed a phantom
  2589 | D:4      | Killed a phantom
  2804 | D:4      | Reached skill level 8 in Stealth
  2804 | D:4      | Reached XP level 6. HP: 55/56 MP: 6/6
  4191 | D:5      | Entered Level 5 of the Dungeon
  4274 | D:5      | Reached XP level 7. HP: 62/62 MP: 7/7
  4360 | D:5      | Reached skill level 9 in Stealth
  4364 | D:5      | Found Runim's Weapon Shoppe.
  4388 | D:5      | Noticed Sigmund
  4400 | D:5      | Reached skill level 5 in Short Blades
  4654 | D:5      | Killed Sigmund
  4655 | D:5      | Reached XP level 8. HP: 47/72 MP: 8/8
  4696 | D:5      | Reached skill level 10 in Stealth
  5608 | D:6      | Noticed Menkaure
  5616 | D:6      | Found an ancient bone altar of Kikubaaqudgha.
  5617 | D:6      | Killed Menkaure
  5618 | D:6      | Reached skill level 11 in Stealth
  6273 | D:6      | Reached XP level 9. HP: 80/80 MP: 9/9
  6673 | D:7      | Reached skill level 5 in Fighting
  6813 | D:7      | Found a staircase to the Ecumenical Temple.
  6836 | Temple   | Entered the Ecumenical Temple
  6848 | Temple   | Became a worshipper of Cheibriados the Contemplative
  7227 | D:7      | Found Beb Sad's Book Shoppe.
  7296 | D:7      | Reached skill level 12 in Stealth
  7423 | D:7      | Found a faded altar of an unknown god.
  7423 | D:7      | Found the Hermit's Pendant {Faith Invo=14 Evo=0 MP+5}
  7502 | D:7      | Noticed Dowan
  7516 | D:7      | Noticed Duvessa
  7550 | D:7      | Killed Dowan
  7566 | D:7      | Killed Duvessa
  7817 | D:7      | Slain by an acid dragon

Illustrated notes

Levels and vault maps discovered:
D:1:      lemuel_arrival_river_bridge, layout_rooms, minmay_misc_feat_five,
          lemuel_flame_loot_1
D:2:      layout_basic, serial_bayou_crossing
D:3:      layout_basic, hangedman_decor_slide_cut, minmay_misc_feat_pillars
D:4:      layout_basic, serial_forest, infiniplex_forest_lined_ring,
          infiniplex_forest_clump_diagonal, infiniplex_forest_lined_room_2,
          infiniplex_forest_clump_double, infiniplex_forest_lined_room_,
          infiniplex_forest_straight_2, infiniplex_forest_end_double,
          infiniplex_forest_straight_3, hangedman_abyss_or_decor_lesser_grid
D:5:      layout_rooms, serial_shops, shop, cheibrodos_sewer_entry_bend,
          grunt_ministairs_15, uniq_sigmund
D:6:      layout_basic, nicolae_kikubaaqudgha_miasma_corner, hex_medium,
          uniq_menkaure
D:7:      layout_cave_pools, minmay_temple_entry_large_hall, serial_shops, shop,
          hellmonk_guarded_unrand_hermit, uniq_crazy_yiuf_cottage, uniq_duvessa
Temple:   nicolae_temple_bog_church

Skill      XL: |  1  2  3  4  5  6  7  8  9 |
---------------+----------------------------+-----
Stealth        | 6 7 8 9 11 12 | 12.3
Dodging        | 1 2 3 4 |  4.0
Short Blades   | 3 4 5 6 7 |  7.3
Fighting       | 3 4 5 |  5.2
Throwing       | |  1.7

Action                     |  1- 3 |  4- 6 |  7- 9 || total
---------------------------+-------+-------+-------++-------
  Melee: Dagger            |    61 |   759 |   451 ||  1271
         Punch             |       |    19 |     8 ||    27
  Throw: Javelin           |       |     2 |     2 ||     4
         Dart              |       |       |     5 ||     5
         Boomerang         |       |       |     1 ||     1
Ability: Spit Poison       |    20 |    14 |    42 ||    76
  Evoke: Wand              |       |     3 |       ||     3
    Use: Potion            |       |     5 |     6 ||    11
         Scroll            |       |     4 |     5 ||     9
   Stab: Sleeping          |    10 |     7 |     7 ||    24
         Distracted        |       |     1 |       ||     1
         Invisible         |       |       |     2 ||     2
 Armour: Robe              |    19 |    38 |   140 ||   197
         Skin              |       |       |    32 ||    32
  Dodge: Dodged            |    25 |    51 |   199 ||   275
  Block: Other             |       |       |    18 ||    18
         Reflection        |       |       |     1 ||     1
